 Dungeon Crawl Stone Soup version 0.30-a0-778-g2ef04afb54 (console) character file.

Game seed: 2824482387181397636

10862 rlgrobin the Cleaver (level 12, -7/106 HPs)
             Began as a Meteoran Fighter on Feb 17, 2023.
             Was a Priest of Qazlal.
             Succumbed to a cane toad's poison
             ... on level 1 of the Lair of Beasts.
             The game lasted 00:12:49 (2036 turns).

rlgrobin the Cleaver (Meteoran Fighter)             Turns: 2036, Time: 00:12:50

Health: -7/106     AC: 16    Str: 22    XL:     12   Next: 26%
Magic:  20/22      EV:  6    Int: 25    God:    Qazlal [***...]
Gold:   299        SH:  9    Dex: 15    Spells: 11/11 levels left

rFire   . . .      SeeInvis .    a - +10 hand axe {spect, Drain Will- rCorr Int+6}
rCold   . . .      Faith    .    c - +0 buckler
rNeg    + . .      Spirit   .    o - +0 plate armour
rPois   .          Reflect  .    n - +1 hat {Int+3}
rElec   .          Harm     .    j - +0 cloak
rCorr   +          Rampage  .    (no gloves)
Will    .....                    (no boots) Stlth
                                 m - amulet of magic regeneration
HPRegen 0.37/turn                f - ring of positive energy
MPRegen 0.58/turn                i - +6 ring of intelligence

@: lethally poisoned (-7 -> -39), slowed, glowing, very slow
A: sense surroundings 2, otherworldly, glowing, explore regen
a: Renounce Religion, Upheaval, Elemental Force


You were on level 1 of the Lair of Beasts.
You worshipped Qazlal.
Qazlal was most pleased with you.
You visited 3 branches of the dungeon, and saw 14 of its levels.
You also visited: Sewer.

You collected 299 gold pieces.

Inventory:

Hand Weapons
 a - the +10 hand axe of Greed (weapon) {spect, Drain Will- rCorr Int+6}
   (You found it on level 4 of the Dungeon)

   Int:       It affects your intelligence (+6).
   rCorr:     It protects you from acid and corrosion.
   Drain:     It drains your maximum health when unequipped.
   Will:      It decreases your willpower.
 s - a +5 war axe of venom
 t - a +3 scimitar of flaming
Missiles
 d - a throwing net
 h - a curare-tipped dart (quivered)
Armour
 c - a +0 buckler (worn)
 g - an orb of guile
 j - a +0 cloak (worn)
 n - a +1 hat of intelligence (worn)
 o - a +0 plate armour (worn)
Jewellery
 f - a ring of positive energy (left hand)
 i - a +6 ring of intelligence (right hand)
 k - a ring of fire
 m - an amulet of magic regeneration (around neck)
Wands
 b - a wand of polymorph (4)
Scrolls
 e - 2 scrolls of teleportation
 l - a scroll of vulnerability
 r - a scroll of torment
Potions
 p - 2 potions of flight


   Skills:
 - Level 10.0 Fighting
 - Level 12.7 Axes
 + Level 9.6 Armour
 - Level 3.6 Shields
 + Level 12.4 Invocations


You had 11 spell levels left.
You didn't know any spells.
Your spell library was empty.

Dungeon Overview and Level Annotations

Branches:
Dungeon (12/15) Zot: 5288    Lair (1/5) D:10 Zot: 580     Orc (1/2) D:9 Zot: 586
  Sewer (visited)
 Temple: D:4-7

Altars:
Makhleb
Nemelex Xobeh
Qazlal
Ru
Sif Muna

Annotations:
D:5 1 runed translucent door, Crazy Yiuf
D:9 1 runed translucent door


Innate Abilities, Weirdness & Mutations

You passively map the area around you.
You are easily found by Zot.
You glow in the dark.
You regain HP and MP as you explore.


Message History

The cane toad stings you!
You are more poisoned.
The cane toad poisons you!
You hit the cane toad.
The cane toad is moderately wounded.
You hit the torpor snail but do no damage.
You feel extremely sick. The cane toad closely misses you.
The torpor snail bites you but does no damage.
The dream sheep ruffles its wool and motes of dream dust sparkle, to no effect.
You hit the cane toad but do no damage.
The cane toad is moderately wounded.
You hit the torpor snail.
You feel extremely sick. The cane toad stings you!
* * * LOW HITPOINT WARNING * * *
The torpor snail bites you but does no damage.
The cane toad stings you!
* * * LOW HITPOINT WARNING * * *
You are lethally poisoned!
The cane toad poisons you!
You are too injured to fight recklessly!
You are too injured to fight recklessly!
The torpor snail attacks as you move away!
The torpor snail bites you.
* * * LOW HITPOINT WARNING * * *
x2 You feel extremely sick.
Okay, then.
Aiming: Upheaval
Press: ? - help, Dir - move target, f - bullfrog
Aim: a bullfrog A storm cloud blasts the area with cutting wind!
The cutting wind hits the bullfrog!!
You kill the bullfrog!
Qazlal accepts your kill.
The cutting wind hits the cane toad!
The cane toad is severely wounded.
The cutting wind hits the torpor snail!!
The torpor snail is heavily wounded.
You die...

.......<...........,
* **
####.#.....##.##.# *
, , * ##.....+ ....
,, #......# ... , ,,
##.....##.####. * ,
#............. ,, ,
, #.......##### , *
#........# ,, * * **
##.###P#@#, ,,, *, ,
... ###F###.### , ,
, ... *#w!Y..... ,
** *.# * #.k§§./...
, , , * , *
##........ , , , , ,
,,......... , +
#.#...... ,, *, * *
, ......... ,,, ,
....._...,


You could see a torpor snail, a cane toad and a rime drake.

Vanquished Creatures
  Gastronok (D:8)
  A centaur warrior (D:9)
  Erica (D:9)
  2 two-headed ogres
  A cyclops (D:11)
  A deep elf zephyrmancer (D:10)
  Maurice (D:9)
  An unseen horror (D:11)
  A rime drake (D:10)
  3 trolls
  A polar bear (D:10)
  A dream sheep (Lair:1)
  A spriggan (D:10)
  3 wyverns
  9 yaks
  A water moccasin (D:7)
  2 acid dragons (D:9)
  3 orc warriors
  3 ice beasts
  A black bear (D:6)
  A centaur (D:11)
  4 wolves (D:10)
  3 kobold brigands
  A phantom (D:5)
  2 bullfrogs
  4 necrophages
  2 scorpions
  3 wights (D:8)
  4 killer bees (D:9)
  4 howler monkeys
  4 orc priests
  Ijyb (D:3)
  5 orc wizards
  3 adders
  4 gnolls (D:3)
  A river rat (Sewer)
  2 white imps
  2 worms
  A dart slug (D:4)
  25 orcs
  An endoplasm (D:3)
  2 goblins (D:3)
  A hobgoblin (D:3)
  4 jackals
  11 kobolds
  2 quokkas (D:3)
  5 ball pythons (D:3)
  6 rats
146 creatures vanquished.

Vanquished Creatures (others)
  A demonic plant (D:4)
  7 plants (D:9)
8 creatures vanquished.

Grand Total: 154 creatures vanquished

Notes
Turn   | Place    | Note
-------+----------+-------------------------------------------
     0 | D:1      | rlgrobin the Meteoran Fighter began the quest for the Orb.
     0 | D:1      | Reached XP level 1. HP: 19/19 MP: 2/2
    22 | D:3      | Reached XP level 2. HP: 26/26 MP: 3/3
    26 | D:3      | Reached XP level 3. HP: 31/31 MP: 4/4
    34 | D:3      | Reached XP level 4. HP: 28/38 MP: 5/5
    92 | D:3      | Reached skill level 5 in Axes
   298 | D:3      | Found a shimmering blue altar of Sif Muna.
   300 | D:3      | Found a stormy altar of Qazlal.
   303 | D:3      | Found a burning altar of Makhleb.
   311 | D:3      | Became a worshipper of Qazlal Stormbringer
   399 | D:3      | Noticed Ijyb
   423 | D:3      | Killed Ijyb
   424 | D:3      | Reached XP level 5. HP: 43/45 MP: 6/6
   470 | D:3      | Found a glowing drain.
   489 | Sewer    | Entered a sewer
   534 | Sewer    | Noticed a kobold brigand
   565 | Sewer    | Killed a kobold brigand
   566 | Sewer    | Reached XP level 6. HP: 29/51 MP: 7/7
   649 | D:5      | Entered Level 5 of the Dungeon
   666 | D:5      | Reached XP level 7. HP: 27/57 MP: 8/8
   699 | D:5      | Found a runed translucent door.
   700 | D:5      | Noticed Crazy Yiuf
   726 | D:4      | Reached * piety under Qazlal
   746 | D:4      | Identified the +10 hand axe of Greed {spect, Drain Will-
                  | rCorr Int+6}
   777 | D:6      | Reached XP level 8. HP: 59/63 MP: 9/9
   820 | D:6      | Reached skill level 10 in Axes
   883 | D:7      | You fall into a shaft and drop 1 floor!
   940 | D:8      | Noticed a wyvern
   941 | D:8      | Noticed a wyvern
   944 | D:8      | Killed a wyvern
   947 | D:8      | Killed a wyvern
   948 | D:8      | Gained mutation: You passively map the area around you.
                  | [Meteoran growth]
   948 | D:8      | Reached XP level 9. HP: 64/70 MP: 10/10
   952 | D:8      | Reached ** piety under Qazlal
   999 | D:9      | Found a large runed translucent door.
  1010 | D:8      | Noticed Gastronok
  1025 | D:8      | Killed Gastronok
  1026 | D:8      | Reached XP level 10. HP: 63/84 MP: 12/16
  1188 | D:9      | Noticed Erica
  1195 | D:9      | Killed Erica
  1207 | D:9      | Noticed Maurice
  1209 | D:9      | Found a staircase to the Orcish Mines.
  1272 | D:9      | Killed Maurice
  1273 | D:9      | Reached XP level 11. HP: 37/97 MP: 19/19
  1312 | Orc:1    | Entered Level 1 of the Orcish Mines
  1323 | Orc:1    | Reached skill level 10 in Invocations
  1323 | Orc:1    | Noticed an orc high priest
  1441 | D:9      | Noticed a two-headed ogre
  1447 | D:9      | Killed a two-headed ogre
  1473 | D:9      | Reached *** piety under Qazlal
  1478 | D:9      | Noticed a centaur warrior
  1497 | D:9      | Killed a centaur warrior
  1501 | D:10     | Entered Level 10 of the Dungeon
  1518 | D:10     | Noticed a deep elf zephyrmancer
  1524 | D:10     | Killed a deep elf zephyrmancer
  1548 | D:10     | Found a sparkling altar of Nemelex Xobeh.
  1637 | D:11     | Reached skill level 10 in Fighting
  1878 | D:11     | Noticed a cyclops
  1883 | D:11     | Killed a cyclops
  1979 | D:11     | Reached XP level 12. HP: 106/106 MP: 21/21
  1988 | D:10     | Noticed a two-headed ogre
  1995 | D:10     | Killed a two-headed ogre
  2001 | D:10     | Found a staircase to the Lair.
  2017 | Lair:1   | Entered Level 1 of the Lair of Beasts
  2028 | Lair:1   | Found a sacrificial altar of Ru.
  2035 | Lair:1   | HP: 3/106 [poisoned by a cane toad]
  2036 | Lair:1   | Succumbed to a cane toad's poison

Illustrated notes

Levels and vault maps discovered:
D:1:      psy_arrival_spokes, layout_basic, st_stairs_3, minmay_rat_gold_closets
D:2:      layout_loops_cross, basic_altar, serial_shops, nicolae_lakefront_shop,
          minmay_pentomino_u4
D:3:      layout_rooms, grunt_temple_overflow_diamond, portal_sewer_entry_a,
          minmay_snake_closets, uniq_ijyb
D:4:      layout_basic, minmay_temple_entry_slanted, serial_demonic,
          serial_demonic_e, serial_demonic_c, serial_demonic_g, serial_demonic_c
D:5:      minmay_general_purpose_star, layout_gridville, serial_shops,
          nicolae_shop_crystal, uniq_sigmund, uniq_crazy_yiuf_cottage
D:6:      minmay_polygon_palace, layout_rooms,
          grunt_temple_overflow_order_and_chaos_1, nicolae_zen_rock_garden,
          minmay_misc_feat_tiny
D:7:      layout_rooms, nicolae_underground_beach, uniq_pikel
D:8:      layout_basic, st_stairs_2, uniq_joseph, uniq_gastronok
D:9:      layout_cave_pools, orc_0_dummy, ebering_ghost_disaster_area,
          serial_bayou, serial_bayou_pond_e, serial_bayou_pond_d,
          serial_bayou_pond_e, serial_bayou_crossing, serial_bayou_ford_a,
          serial_bayou_shore_b, minmay_microvault, uniq_erica, uniq_maurice
D:10:     layout_small_grid, mainiacjoe_overflow_catwalk,
          hellmonk_lair_entry_icy, hangedman_stone_soup, due_unseen_surprise
D:11:     layout_stronghold, nicolae_ashenzari_skybound, uniq_grum
D:12:     layout_layer_cave, chequers_serial_rivers_micro_c, uniq_erolcha
Lair:1:   dreamdust_cave_troll, layout_chaotic_city, gammafunk_ghost_hive,
          basic_altar
Orc:1:    layout_diamond_mine, serial_shops, basic_altar

Skill      XL: |  1  2  3  4  5  6  7  8  9 10 11 12 |
---------------+-------------------------------------+-----
Axes           | 3 4 5 6 8 9 12 | 12.7
Invocations    | 6 9 11 12 | 12.4
Fighting       | 6 9 10 | 10.0
Armour         | 8 9 |  9.6
Shields        | |  3.6

Action                     |  1- 3 |  4- 6 |  7- 9 | 10-12 || total
---------------------------+-------+-------+-------+-------++-------
  Melee: War axe           |    14 |    94 |    19 |       ||   127
         Hand axe          |       |       |    60 |   117 ||   177
         Unarmed           |       |       |       |    32 ||    32
  Throw: Dart              |       |       |     1 |     3 ||     4
 Invoke: Upheaval          |       |       |       |     3 ||     3
    Use: Potion            |     1 |     3 |       |       ||     4
         Scroll            |       |       |     6 |     8 ||    14
   Stab: Distracted        |       |       |     4 |     1 ||     5
 Armour: Scale mail        |     4 |    31 |    19 |       ||    54
         Skin              |       |    17 |       |     2 ||    19
         Plate armour      |       |       |       |    43 ||    43
         Chain mail        |       |       |       |     1 ||     1
  Dodge: Dodged            |     3 |    25 |    26 |    27 ||    81
  Block: Buckler           |     4 |    24 |    11 |    36 ||    75

Table legend: (Time is in decaauts)
 A = Elapsed time spent in this place.
 B = Non-inter-level travel time spent in this place.
 C = Inter-level travel time spent in this place.
 D = Time resting spent in this place.
 E = Time spent auto-exploring this place.
 F = Levels seen in this place.
 G = Mean time per level.
                   A        B        C        D        E       F      G
               +--------+--------+--------+--------+--------+-----+--------+
         Total |   2079 |   1997 |     82 |      0 |      0 |  15 |  138.6 |
       Dungeon |   1911 |   1829 |     82 |      0 |      0 |  12 |  159.2 |
          Lair |     19 |     19 |      0 |      0 |      0 |   1 |   19.0 |
  Orcish Mines |     13 |     13 |      0 |      0 |      0 |   1 |   13.0 |
         Sewer |    134 |    134 |      0 |      0 |      0 |   1 |  134.0 |
               +--------+--------+--------+--------+--------+-----+--------+

Top non-repeatable levels by time:
     D:3: 510 daAuts
    D:11: 345 daAuts
     D:8: 327 daAuts
     D:9: 281 daAuts
    D:10: 152 daAuts
   Sewer: 134 daAuts
     D:6: 112 daAuts
     D:4: 76 daAuts
     D:5: 74 daAuts
  Lair:1: 19 daAuts
     D:2: 14 daAuts
   Orc:1: 13 daAuts
     D:7: 11 daAuts
     D:1: 3 daAuts
    D:12: 1 daAuts
